 Dungeon Crawl Stone Soup version 0.29.1-2-gbd0b4ee654 (webtiles) character file.

Game seed: 16154259039764588145

6 jamestheduck25 the Ducker (level 1, -2/10 HPs)
             Began as a Felid Berserker on Nov 18, 2022.
             Was a Follower of Trog.
             Slain by a gnoll
             ... wielding a +0 flail
              (9 damage)
             ... on level 1 of the Dungeon.
             The game lasted 00:00:04 (67 turns).

jamestheduck25 the Ducker (Felid Berserker)           Turns: 67, Time: 00:00:05

Health: -2/10      AC:  1    Str: 13    XL:     1   Next: 75%
Magic:  2/2        EV: 18    Int:  8    God:    Trog [*.....]
Gold:   0          SH:  0    Dex: 15    Spells: 0/0 levels left
                                        Lives:  0   Deaths: 0

rFire   . . .      SeeInvis +     - Unarmed
rCold   . . .      Faith    .   (shield unavailable)
rNeg    . . .      Spirit   .   (body armour unavailable)
rPois   .          Reflect  .   (helmet unavailable)
rElec   .          Harm     .   (cloak unavailable)
rCorr   .          Rampage  .   (gloves unavailable)
Will    .....                   (boots unavailable)
Stlth   +.........              (no amulet)
HPRegen 0.03/turn               (no ring)
MPRegen 0.08/turn               (no ring)

@: quick
A: very small, claws 1, fangs 3, see invisible, speed 1, shaggy fur 1, stealthy
paws, no weapons or thrown items, no armour, multi-lived
a: Renounce Religion, Berserk


You were on level 1 of the Dungeon.
You worshipped Trog.
Trog was aware of your devotion.
You visited 1 branch of the dungeon, and saw 1 of its levels.

Inventory:

Scrolls
 b - a scroll of identify {unknown}
Potions
 a - a potion of degeneration {unknown}


   Skills:
 + Level 3.1 Fighting
 + Level 4.2 Dodging
 + Level 3.1 Unarmed Combat


You couldn't memorise any spells.
You didn't know any spells.
Your spell library was empty.

Dungeon Overview and Level Annotations

Branches:
Dungeon (1/15)

Altars:


Innate Abilities, Weirdness & Mutations

You have sharp claws.
You have razor-sharp teeth.
You have supernaturally acute eyesight. (SInv)
You cover ground quickly. (Speed+)
You are covered in fur. (AC +1)
Your paws help you pounce on unaware monsters.
You are incapable of wielding weapons or throwing items.
You cannot wear armour.
You gain extra lives every three experience levels.


Message History

There are monsters nearby!
You scratch the kobold. You bite the kobold.
You kill the kobold!
Trog accepts your kill.
An endoplasm is nearby!
You scratch the endoplasm.
The endoplasm is heavily wounded.
The endoplasm freezes you.
You are frozen.
An endoplasm is nearby!
You scratch the endoplasm.
You kill the endoplasm!
Trog accepts your kill.
A gnoll comes into view. It is wielding a +0 flail.
An endoplasm comes into view.
There are monsters nearby!
You see here a +0 dagger.
A gnoll is nearby!
A rat comes into view.
There are monsters nearby!
The gnoll shouts!
You scratch the gnoll but do no damage. The gnoll misses you.
There are monsters nearby!
You claw the gnoll!
The gnoll is heavily wounded.
The gnoll misses you.
There are monsters nearby!
You completely miss the gnoll.
The gnoll is heavily wounded.
The gnoll completely misses you.
There are monsters nearby!
You scratch the gnoll.
The gnoll is severely wounded.
The gnoll barely misses you.
There are monsters nearby!
You scratch the gnoll.
The gnoll is severely wounded.
The gnoll hits you with a +0 flail!
Ouch! That really hurt!
You die...

##.#########.###
#..#.........###
#.##............
#.##..........##
#.##.........###
#.##...|.....§.#
#........###§§†#
####.##....##.§§§§.
#.@).##.)..#..)....
#g#.########.......
.rJ#.# ##......
...##..# ####'##
..... #.#. ##8.8#
.... #? . ###'##
... .. .. #.....
... .# .. #..>..
+..<..


You could see a gnoll, an endoplasm and a rat.

Vanquished Creatures
  An endoplasm (D:1)
  A goblin (D:1)
  A hobgoblin (D:1)
  A kobold (D:1)
  A ball python (D:1)
5 creatures vanquished.

Notes
Turn   | Place    | Note
-------+----------+-------------------------------------------
     0 | D:1      | jamestheduck25 the Felid Berserker began the quest for the
                  | Orb.
     0 | D:1      | Reached XP level 1. HP: 10/10 MP: 2/2
    67 | D:1      | Slain by a gnoll

Illustrated notes

Levels and vault maps discovered:
D:1:      shiori_arrival_elements, layout_rooms

Action                   || total
-------------------------++-------
Melee: Unarmed           ||    15
       Bite              ||     1
Dodge: Dodged            ||    10
